 Dungeon Crawl Stone Soup version 0.21.0-22-g11d5b52 (webtiles) character file.

1166 vatarom the Skirmisher (level 8, 0/73 HPs)
             Began as a Hill Orc Fighter on Jan 18, 2018.
             Was an Initiate of Beogh.
             Succumbed to Duvessa's poison
             ... on level 5 of the Dungeon.
             The game lasted 00:08:56 (5650 turns).

vatarom the Skirmisher (Hill Orc Fighter)           Turns: 5650, Time: 00:08:57

Health: 0/73       AC:  9    Str: 19    XL:     8   Next: 40%
Magic:  8/8        EV: 13    Int:  9    God:    Beogh [......]
Gold:   177        SH: 12    Dex: 11    Spells: 7/7 levels left

rFire    . . .     SeeInvis .   a - +0 war axe
rCold    . . .     Gourm    .   r - +2 shield {reflect}
rNeg     . . .     Faith    .   b - +0 scale mail
rPois    .         Spirit   .   (no helmet)
rElec    .         Reflect  +   u - scarf {repulsion}
rCorr    .         Harm     .   t - +0 pair of gloves
MR       +....                  (no boots)
Stlth    ..........             j - amulet of inaccuracy
HPRegen  0.22/turn              e - ring of protection from magic
MPRegen  0.11/turn              p - +6 ring of evasion

@: lethally poisoned (0 -> -25), very slightly contaminated, invisible, repel
missiles
A: no striking features
a: Renounce Religion


You were on level 5 of the Dungeon.
You worshipped Beogh.
Beogh was noncommittal.
You were not hungry.

You visited 1 branch of the dungeon, and saw 5 of its levels.

You collected 177 gold pieces.

Inventory:

Hand Weapons
 a - a +0 war axe (weapon)
 m - a +1 vampiric hand axe
Missiles
 d - 3 silver tomahawks (quivered)
Armour
 b - a +0 scale mail (worn)
 r - a +2 shield of reflection (worn)
 t - a +0 pair of gloves (worn)
 u - a scarf of repulsion (worn)
Jewellery
 e - a ring of protection from magic (left hand)
 j - an amulet of inaccuracy (around neck)
 o - an uncursed ring of fire
 p - a +6 ring of evasion (right hand)
Wands
 f - a wand of flame (26)
 i - a wand of random effects (21)
 k - a wand of polymorph (13)
 q - a wand of digging (11)
Scrolls
 g - 2 scrolls of remove curse
 l - a scroll of amnesia
Comestibles
 c - a ration
 h - 5 chunks of flesh


   Skills:
 * Level 7.3 Fighting
 + Level 6.7 Axes
 * Level 6.6 Armour
 + Level 5.4 Shields


You had 7 spell levels left.
You didn't know any spells.

Dungeon Overview and Level Annotations

Branches:
Dungeon (5/15)
 Temple: D:4-7

Altars:
Gozag
Sif Muna
Yredelemnul

Annotations:
D:5 Dowan, Duvessa


Message History

Duvessa hits you with a short sword of venom.
* * * LOW HITPOINT WARNING * * *
Unknown command.
* * * LOW HITPOINT WARNING * * *
You feel very sick.
* * * LOW HITPOINT WARNING * * *
You feel very sick.
Dowan casts a spell at Duvessa.
The puff of flame hits Duvessa.
You block Duvessa's attack.
* * * LOW HITPOINT WARNING * * *
You feel very sick.
As you read the scroll labeled QAAGAJ WEORPHEI, it crumbles to dust.
You assume a fearsome visage.
Duvessa looks frightened!
Dowan looks frightened!
It was a scroll of fear.
* * * LOW HITPOINT WARNING * * *
You feel very sick.
* * * LOW HITPOINT WARNING * * *
You feel very sick.
Unknown command.
You die...

##.......## ##.....##
##...## ##'## #.# #.# .
##.########
.$..#########..........
....e...e...@....######
....#######.#...## .
#.##..# #.###.# #.....#
#######


You could see Duvessa (fleeing).

Vanquished Creatures
  The ghost of Feta the Conjurer, an amateur DrCj (D:4)
  2 phantoms
  2 centaurs (D:5)
  Blork the orc (D:4)
  A bullfrog (D:4)
  2 scorpions (D:4)
  A hound (D:4)
  2 orc priests (D:4)
  An orc wizard (D:3)
  Terence (D:2)
  Ijyb (D:5)
  An iguana (D:4)
  2 worker ants (D:4)
  A hound skeleton (D:4)
  Robin (D:3)
  3 gnolls (D:3)
  2 adders
  A worm (D:3)
  A dart slug (D:4)
  3 leopard geckos (D:1)
  6 orcs
  5 bats
  3 giant cockroaches
  14 goblins
  9 hobgoblins
  8 jackals
  4 quokkas
  4 ball pythons
  5 frilled lizards
  9 kobolds
  6 rats
103 creatures vanquished.

Vanquished Creatures (others)
  An orc priest (D:4)
  5 orcs (D:4)
6 creatures vanquished.

Grand Total: 109 creatures vanquished

Notes
Turn   | Place    | Note
-------+----------+-------------------------------------------
     0 | D:1      | vatarom the Hill Orc Fighter began the quest for the Orb.
     0 | D:1      | Reached XP level 1. HP: 19/19 MP: 1/1
   179 | D:1      | Reached XP level 2. HP: 26/27 MP: 2/2
   619 | D:1      | Reached XP level 3. HP: 33/33 MP: 3/3
   717 | D:1      | Reached skill level 4 in Fighting
  1095 | D:2      | Noticed Terence
  1107 | D:2      | Killed Terence
  1107 | D:2      | Reached XP level 4. HP: 23/40 MP: 4/4
  1478 | D:2      | Found a deep blue altar of Sif Muna.
  1798 | D:3      | Reached XP level 5. HP: 22/47 MP: 5/5
  2106 | D:3      | Noticed Robin
  2116 | D:3      | Killed Robin
  2116 | D:3      | Reached skill level 5 in Axes
  3107 | D:4      | Noticed Feta's ghost (amateur DrCj)
  3512 | D:4      | Reached skill level 5 in Fighting
  3512 | D:4      | Reached XP level 6. HP: 6/56 MP: 6/6
  3964 | D:4      | Became a worshipper of Beogh the Brigand
  4187 | D:4      | Noticed Blork the orc
  4212 | D:4      | Killed Blork the orc
  4432 | D:4      | Reached skill level 5 in Armour
  4440 | D:4      | Reached XP level 7. HP: 34/62 MP: 7/7
  4515 | D:4      | Killed Feta's ghost
  4515 | D:4      | Reached skill level 6 in Fighting
  4573 | D:4      | HP: 1/63 [orc priest/mace (4)]
  4861 | D:4      | Reached skill level 5 in Shields
  5125 | D:4      | Reached XP level 8. HP: 56/71 MP: 8/8
  5264 | D:4      | Found an opulent altar of Gozag.
  5265 | D:4      | Found a basalt altar of Yredelemnul.
  5283 | D:5      | Entered Level 5 of the Dungeon
  5292 | D:5      | Noticed Ijyb
  5294 | D:5      | Paralysed by Ijyb for 5 turns
  5341 | D:5      | Killed Ijyb
  5341 | D:5      | Reached skill level 7 in Fighting
  5622 | D:5      | Noticed Dowan
  5622 | D:5      | Noticed Duvessa
  5649 | D:5      | HP: 2/73 [poisoned by Duvessa]
  5650 | D:5      | Succumbed to Duvessa's poison

Skill      XL: |  1  2  3  4  5  6  7  8 |
---------------+-------------------------+-----
Axes           | 3 4 5 6 |  6.7
Fighting       | 4 5 6 7 |  7.3
Armour         | 4 5 6 |  6.6
Shields        | 4 5 |  5.4

Action                   |  1- 3 |  4- 6 |  7- 9 || total
-------------------------+-------+-------+-------++-------
Melee: War axe           |   140 |   207 |   196 ||   543
       Hand axe          |       |    67 |       ||    67
Invok: Convert to Beogh  |       |     1 |       ||     1
Evoke: Wand              |       |     1 |     3 ||     4
  Use: Scroll            |     2 |     5 |     1 ||     8
       Potion            |       |     1 |     5 ||     6
 Stab: Invisible         |       |       |     1 ||     1
  Eat: Chunk             |     1 |     8 |     2 ||    11
       Ration            |       |     2 |     1 ||     3
Armor: Scale mail        |    67 |    93 |    48 ||   208
Dodge: Dodged            |    44 |   126 |    91 ||   261
       Deflected         |       |       |     2 ||     2
Block: Shield            |    80 |   172 |   119 ||   371
       Reflection        |       |       |     2 ||     2
